 Dungeon Crawl Stone Soup version 0.22-a0-292-g0df9d5f (webtiles) character file.

175 grizmgrazm2 the Firebug (level 5, -1/35 HPs)
             Began as a Demonspawn Fire Elementalist on Mar 23, 2018.
             Slain by a gnoll
             ... wielding a +0 halberd
              (13 damage)
             ... on level 3 of the Dungeon.
             The game lasted 00:09:24 (3217 turns).

grizmgrazm2 the Firebug (DsFE)                      Turns: 3217, Time: 00:09:25

Health: -1/35      AC:  7    Str:  8    XL:     5   Next: 29%
Magic:  13/19      EV: 12    Int: 17    God:
Gold:   217        SH:  0    Dex: 14    Spells: 4/10 levels left

rFire    . . .     SeeInvis +   e - +1 spear
rCold    . . .     Gourm    .   (no shield)
rNeg     . . .     Faith    .   h - +1 animal skin
rPois    .         Spirit   .   i - +2 helmet
rElec    .         Reflect  .   t - +0 cloak
rCorr    .         Harm     .   (no gloves)
MR       .....                  (no boots)
Stlth    ++........             (no amulet)
HPRegen  0.11/turn              n - ring of magical power
MPRegen  0.16/turn              r - ring of see invisible

@: no status effects
A: claws 1, spiny 1
a: no special abilities


You were on level 3 of the Dungeon.
You were not hungry.

You visited 1 branch of the dungeon, and saw 3 of its levels.

You collected 217 gold pieces.

Inventory:

Hand Weapons
 e - a +1 spear (weapon)
Armour
 a - a +0 robe
 h - a +1 animal skin (worn)
 i - a +2 helmet (worn)
 o - a scarf of resistance
 t - a +0 cloak (worn)
Jewellery
 n - a ring of magical power (left claw)
 r - a ring of see invisible (right claw)
Wands
 b - a wand of iceblast (5)
Scrolls
 f - 2 scrolls of enchant weapon
 l - a scroll of teleportation
 p - a scroll of remove curse
 q - a scroll of identify
 s - a scroll of enchant armour {unknown}
Potions
 d - a potion of might {unknown}
 g - a potion of mutation {unknown}
 j - a potion of curing {unknown}
 k - a potion of agility {unknown}
Comestibles
 c - 7 rations


   Skills:
 - Level 1.7 Dodging
 - Level 1.7 Stealth
 + Level 3.3 Spellcasting
 + Level 3.0 Conjurations
 + Level 3.8 Fire Magic


You had 4 spell levels left.
You knew the following spells:

 Your Spells              Type           Power        Failure   Level  Hunger
a - Flame Tongue          Conj/Fire      ##...        4%          1    None
b - Throw Flame           Conj/Fire      ##....       6%          2    ##.....
c - Conjure Flame         Conj/Fire      ##......     12%         3    ###....


Dungeon Overview and Level Annotations

Branches:
Dungeon (3/15)

Altars:


Innate Abilities, Weirdness & Mutations

You have sharp fingernails.
You are partially covered in sharp spines.


Message History

The gnoll hits you from afar with a halberd!
The gnoll closely misses you.
Casting: Flame Tongue (safe; 4% risk of failure)
Confirm with . or Enter, or press ? or * to list all spells.
Aiming: Flame Tongue (safe; 4% risk of failure)
Press: ? - help, Shift-Dir - straight line, f/p - gnoll
Aim: a gnoll, wielding a halberd (almost dead)
The flame tongue hits the gnoll.
The gnoll is severely wounded.
The gnoll hits you from afar with a halberd!
The gnoll barely misses you.
Casting: Flame Tongue (safe; 4% risk of failure)
Confirm with . or Enter, or press ? or * to list all spells.
Aiming: Flame Tongue (safe; 4% risk of failure)
Press: ? - help, Shift-Dir - straight line, f/p - gnoll
Aim: a gnoll, wielding a halberd (almost dead)
The flame tongue hits the gnoll.
You kill the gnoll!
The gnoll hits you from afar with a halberd!
You die...

# #..[....#
#.# #
...####.#
#.# #.#+##
#.# #.# #.
.# #.# #
#.# # #.# #
#.# #
#.########.
#..@)ggg...
###########


You could see 3 gnolls.

Vanquished Creatures
  Crazy Yiuf (D:3)
  Robin (D:2)
  4 gnolls (D:3)
  A worker ant zombie (D:3)
  2 worms
  4 dart slugs (D:1)
  4 leopard geckos
  5 orcs (D:3)
  A ball python (D:3)
  6 bats
  2 giant cockroaches
  13 goblins
  7 hobgoblins
  3 kobolds
  7 frilled lizards
  7 rats
68 creatures vanquished.

Notes
Turn   | Place    | Note
-------+----------+-------------------------------------------
     0 | D:1      | grizmgrazm2 the Demonspawn Fire Elementalist began the quest for the Orb.
     0 | D:1      | Reached XP level 1. HP: 13/13 MP: 3/3
   312 | D:1      | Gained mutation: You have sharp fingernails. [demonic ancestry]
   312 | D:1      | Reached XP level 2. HP: 16/19 MP: 0/5
  1174 | D:2      | Noticed Robin
  1175 | D:2      | Reached XP level 3. HP: 20/24 MP: 3/6
  1873 | D:1      | Learned a level 2 spell: Throw Flame
  1877 | D:1      | Learned a level 3 spell: Conjure Flame
  1908 | D:2      | Killed Robin
  2396 | D:3      | Gained mutation: You are partially covered in sharp spines. [demonic ancestry]
  2396 | D:3      | Reached XP level 4. HP: 30/30 MP: 8/8
  2832 | D:3      | Found a runed door.
  2869 | D:3      | Noticed Crazy Yiuf
  2875 | D:3      | Killed Crazy Yiuf
  2931 | D:3      | Reached XP level 5. HP: 22/35 MP: 9/9
  3217 | D:3      | Slain by a gnoll

Vault maps used:
D:1:      dpeg_arrival_chase
D:2:      kennysheep_generic_room_12, uniq_robin
D:3:      uniq_crazy_yiuf_cottage

Skill      XL: |  1  2  3  4  5 |
---------------+----------------+-----
Fire Magic     | 3 |  3.8
Conjurations   | 2 3 |  3.0
Spellcasting   | 3 |  3.3
Dodging        | |  1.7
Stealth        | |  1.7

Action                   |  1- 3 |  4- 6 || total
-------------------------+-------+-------++-------
Melee: Unarmed           |    14 |       ||    14
       Spear             |    40 |    34 ||    74
 Cast: Flame Tongue      |    56 |    27 ||    83
Evoke: Wand              |       |     2 ||     2
  Use: Scroll            |     4 |     2 ||     6
 Stab: Sleeping          |     2 |     1 ||     3
  Eat: Chunk             |     5 |     3 ||     8
Armor: Robe              |    17 |       ||    17
       Animal skin       |     5 |    13 ||    18
Dodge: Dodged            |   101 |    33 ||   134

Table legend:
 A = Spawn XP
 B = Non-spawn XP
 C = Spawn XP percentage of total XP
 D = Spawn monster count
 E = Non-spawn monster count
 F = Spawn count percentage of total count
 G = Total turns spent on level
                    A         B        C        D         E        F      G
               +---------+---------+-------+---------+---------+-------+---------
         Total |       0 |     250 |   0.0 |       0 |      68 |   0.0 |  3217
               +---------+---------+-------+---------+---------+-------+---------
           D:1 |       0 |      54 |   0.0 |       0 |      26 |   0.0 |  1675
           D:2 |       0 |      42 |   0.0 |       0 |      14 |   0.0 |   727
           D:3 |       0 |     154 |   0.0 |       0 |      28 |   0.0 |   815
               +---------+---------+-------+---------+---------+-------+---------
